NPBL
MICHIGAN MILITIA @ WISCONSIN LUMBERJACKS
06/10/2098
 
TOP OF THE 1ST
Michigan Militia batting - Pitching for Wisconsin Lumberjacks : RHP Jeremy Martin
Pitching: RHP Jeremy Martin
Batting: RHB José Ruíz 0-0: Ground out 6-3 (Groundball, 6, EV 99.4 MPH)
Batting: LHB Vicente Gómez 0-0: Ball
1-0: Ball
2-0: DOUBLE (Groundball, 5L, EV 110.0 MPH)
Batting: RHB Jesús Gamboa 0-0: Called Strike
0-1: Fly out, F8 (Flyball, 89M, EV 83.1 MPH)
Batting: RHB Jeffery Jennings 0-0: Ball
1-0: Foul Ball, location: 5FF
1-1: Foul Ball, location: 3FF
1-2: Ground out 5-3 (Groundball, 56, EV 109.4 MPH)
Top of the 1st over - 0 runs, 1 hit, 0 errors, 1 left on base; Michigan 0 - Wisconsin 0
BOTTOM OF THE 1ST
Wisconsin Lumberjacks batting - Pitching for Michigan Militia : RHP Anthony Render
Pitching: RHP Anthony Render
Batting: SHB Tony Roberts 0-0: Ground out U3 (Groundball, 3L, EV 80.6 MPH)
Batting: RHB Raúl Cardona 0-0: Ball
1-0: Foul Ball, location: 2F
1-1: Swinging Strike
1-2: Ball
2-2: Ball
3-2: SINGLE (Line Drive, 89M, EV 105.0 MPH)
Batting: RHB Bráulio Ozores 0-0: Called Strike
0-1: Ball
Raúl Cardona steals 2nd base
1-1: Ground out 1-3 (Groundball, 13, EV 68.1 MPH)
Batting: LHB George Flores 0-0: Swinging Strike
0-1: Swinging Strike
0-2: Ball
1-2: Foul Ball, location: 25F
1-2: Foul Ball, location: 7LMF
1-2: Ball
2-2: Strikes out swinging
Bottom of the 1st over - 0 runs, 1 hit, 0 errors, 1 left on base; Michigan 0 - Wisconsin 0
TOP OF THE 2ND
Michigan Militia batting - Pitching for Wisconsin Lumberjacks : RHP Jeremy Martin
Batting: LHB Juan Chávez 0-0: Called Strike
0-1: Ball
1-1: DOUBLE (Groundball, 3L, EV 108.8 MPH)
Batting: RHB Jeremy Pollock 0-0: Ball
1-0: Sac Bunt to 13S - play at first, batter OUT! 1-3
Juan Chávez to third
Batting: RHB Rafael Jurasín 0-0: Called Strike
0-1: SINGLE (Line Drive, 8RS, EV 95.0 MPH)
Juan Chávez scores
Batting: RHB Alan Holland 0-0: Ball
1-0: Ball
Rafael Jurasín steals 2nd base
2-0: Fly out, F7 (Line Drive, 78M, EV 105.6 MPH)
Batting: RHB Anthony Render 0-0: Ball
1-0: Ball
2-0: Called Strike
2-1: Foul Ball, location: 2F
2-2: Strikes out swinging
Top of the 2nd over - 1 run, 2 hits, 0 errors, 1 left on base; Michigan 1 - Wisconsin 0
BOTTOM OF THE 2ND
Wisconsin Lumberjacks batting - Pitching for Michigan Militia : RHP Anthony Render
Batting: RHB Rory Spencer 0-0: Ball
1-0: Ball
2-0: SINGLE (Groundball, 6S, EV 73.1 MPH) (infield hit)
Batting: LHB Aaron Meléndez Jr. 0-0: Ball
1-0: Ball
2-0: Bunt - Flyout to 13S! F1
Batting: LHB Kent Long 0-0: Called Strike
0-1: Foul Ball, location: 9LDF
0-2: SINGLE (Line Drive, 7S, EV 104.4 MPH)
Rory Spencer to second
Batting: SHB Joey Reeves 0-0: Fly out, F8 (Flyball, 8LM, EV 93.8 MPH)
Batting: RHB Jeremy Martin 0-0: Called Strike
0-1: Ball
1-1: Foul Ball, location: 5F
1-2: Foul Ball, location: 9LSF
1-2: SINGLE (Line Drive, 4M, EV 98.1 MPH)
Rory Spencer to third
Kent Long to second
Runner from 3rd tries for Home, SAFE, throw by CF to home
Batting: SHB Tony Roberts 0-0: Foul Ball, location: 3F
0-1: Ball
1-1: SINGLE (Line Drive, 7S, EV 108.1 MPH)
Kent Long to third
Jeremy Martin to second
Runner from 3rd tries for Home, SAFE, throw by LF to home
Batting: RHB Raúl Cardona 0-0: Called Strike
0-1: Called Strike
0-2: Fly out, F9 (Flyball, 9, EV 82.5 MPH)
Bottom of the 2nd over - 2 runs, 4 hits, 0 errors, 2 left on base; Michigan 1 - Wisconsin 2
TOP OF THE 3RD
Michigan Militia batting - Pitching for Wisconsin Lumberjacks : RHP Jeremy Martin
Batting: RHB José Ruíz 0-0: Ball
1-0: Foul Ball, location: 7LMFF
1-1: Called Strike
1-2: Ball
2-2: SINGLE (Groundball, 6MD, EV 97.5 MPH)
Batting: LHB Vicente Gómez 0-0: Called Strike
0-1: Ball
1-1: Ball
2-1: Bunted foul
2-2: Ball
3-2: Fly out, F4 (Line Drive, 4M, EV 69.4 MPH)
Lined into DP, 4-3 (Line Drive, 4M, EV 69.4 MPH)
Batting: RHB Jesús Gamboa 0-0: Called Strike
0-1: Called Strike
0-2: Ball
1-2: Ball
2-2: Foul Ball, location: 2RF
2-2: Foul Ball, location: 23F
2-2: SOLO HOME RUN (Flyball, 9LD, EV 95.6 MPH), Distance : 362 ft
Batting: RHB Jeffery Jennings 0-0: Ball
1-0: Called Strike
1-1: Fly out, F4 (Popup, 4MD, EV 49.4 MPH)
Top of the 3rd over - 1 run, 2 hits, 0 errors, 0 left on base; Michigan 2 - Wisconsin 2
BOTTOM OF THE 3RD
Wisconsin Lumberjacks batting - Pitching for Michigan Militia : RHP Anthony Render
Batting: RHB Bráulio Ozores 0-0: Ball
1-0: Foul Ball, location: 9LMF
1-1: Called Strike
1-2: Ball
2-2: SINGLE (Line Drive, 5D, EV 70.6 MPH)
Batting: LHB George Flores 0-0: Swinging Strike
0-1: Fly out, F7 (Flyball, 7D, EV 91.9 MPH)
Batting: RHB Rory Spencer 0-0: Called Strike
0-1: Foul Ball, location: 2F
0-2: Grounds into double play, 4-6-3 (Groundball, 4M, EV 87.5 MPH)
Bottom of the 3rd over - 0 runs, 1 hit, 0 errors, 0 left on base; Michigan 2 - Wisconsin 2
TOP OF THE 4TH
Michigan Militia batting - Pitching for Wisconsin Lumberjacks : RHP Jeremy Martin
Batting: LHB Juan Chávez 0-0: Ground out 5-3 (Groundball, 56, EV 83.8 MPH)
Batting: RHB Jeremy Pollock 0-0: Ball
1-0: Ground out 6-3 (Groundball, 56, EV 108.8 MPH)
Batting: RHB Rafael Jurasín 0-0: Ground out U3 (Groundball, 34, EV 83.1 MPH)
Top of the 4th over - 0 runs, 0 hits, 0 errors, 0 left on base; Michigan 2 - Wisconsin 2
BOTTOM OF THE 4TH
Wisconsin Lumberjacks batting - Pitching for Michigan Militia : RHP Anthony Render
Batting: LHB Aaron Meléndez Jr. 0-0: Called Strike
0-1: Called Strike
0-2: Ball
1-2: Ball
2-2: Ground out 4-3 (Groundball, 4MS, EV 78.8 MPH)
Batting: LHB Kent Long 0-0: Ball
1-0: Called Strike
1-1: Ball
2-1: Called Strike
2-2: Foul Ball, location: 5DF
2-2: Strikes out swinging
Batting: SHB Joey Reeves 0-0: Called Strike
0-1: Fly out, F7 (Flyball, 78M, EV 95.0 MPH)
Bottom of the 4th over - 0 runs, 0 hits, 0 errors, 0 left on base; Michigan 2 - Wisconsin 2
TOP OF THE 5TH
Michigan Militia batting - Pitching for Wisconsin Lumberjacks : RHP Jeremy Martin
Batting: RHB Alan Holland 0-0: Ball
1-0: Swinging Strike
1-1: Ball
2-1: Ground out 6-3 (Groundball, 6, EV 105.6 MPH)
Batting: RHB Anthony Render 0-0: Foul Ball, location: 25FF
0-1: Ball
1-1: Ball
2-1: Swinging Strike
2-2: Strikes out looking
Batting: RHB José Ruíz 0-0: DOUBLE (Groundball, 5L, EV 107.5 MPH)
Batting: LHB Vicente Gómez 0-0: Ball
1-0: Foul Ball, location: 25F
1-1: Swinging Strike
1-2: Foul Ball, location: 7LMF
1-2: Ball
2-2: Ball
3-2: Foul Ball, location: 2F
3-2: Foul Ball, location: 3SF
3-2: Base on Balls
Batting: RHB Jesús Gamboa 0-0: Ball
1-0: Foul Ball, location: 2F
1-1: Ball
2-1: Called Strike
2-2: Fly out, F7 (Flyball, 7S, EV 93.1 MPH)
Top of the 5th over - 0 runs, 1 hit, 0 errors, 2 left on base; Michigan 2 - Wisconsin 2
BOTTOM OF THE 5TH
Wisconsin Lumberjacks batting - Pitching for Michigan Militia : RHP Anthony Render
Batting: RHB Jeremy Martin 0-0: Ball
1-0: Swinging Strike
1-1: Ball
2-1: Foul Ball, location: 5FF
2-2: Strikes out swinging
Batting: SHB Tony Roberts 0-0: Called Strike
0-1: Fly out, F9 (Line Drive, 9D, EV 88.1 MPH)
Batting: RHB Raúl Cardona 0-0: Ball
1-0: DOUBLE (Line Drive, 8RD, EV 105.6 MPH)
Batting: RHB Bráulio Ozores 0-0: Foul Ball, location: 2F
0-1: SINGLE (Line Drive, 4MD, EV 71.3 MPH)
Raúl Cardona to third
Runner from 3rd tries for Home, SAFE, throw by CF to home
Batting: LHB George Flores 0-0: Ball
1-0: Foul Ball, location: 7LSF
1-1: Foul Ball, location: 3F
1-2: Foul Ball, location: 7LSF
1-2: Foul Ball, location: 3F
1-2: Ball
2-2: Foul Ball, location: 7LSF
2-2: Foul Ball, location: 2F
2-2: SINGLE (Groundball, 6MD, EV 103.8 MPH)
Bráulio Ozores to second
Runner from 2nd tries for 3rd, SAFE, no throw by CF
Batting: RHB Rory Spencer 0-0: Ball
1-0: Ball
2-0: 3-RUN HOME RUN (Flyball, 78XD, EV 98.1 MPH), Distance : 389 ft
Pitching: LHP Clarence Agnew
Batting: LHB Aaron Meléndez Jr. 0-0: Called Strike
0-1: Ball
1-1: Fly out, F8 (Flyball, 8RS, EV 71.9 MPH)
Bottom of the 5th over - 4 runs, 4 hits, 0 errors, 0 left on base; Michigan 2 - Wisconsin 6
TOP OF THE 6TH
Michigan Militia batting - Pitching for Wisconsin Lumberjacks : RHP Jeremy Martin
Batting: RHB Jeffery Jennings 0-0: Ball
1-0: Called Strike
1-1: Ball
2-1: Swinging Strike
2-2: Ground out U3 (Groundball, 23, EV 80.0 MPH)
Batting: LHB Juan Chávez 0-0: Swinging Strike
0-1: Called Strike
0-2: Ball
1-2: Ball
2-2: Ground out 6-3 (Groundball, 6, EV 84.4 MPH)
Batting: RHB Jeremy Pollock 0-0: Ball
1-0: Called Strike
1-1: Foul Ball, location: 2F
1-2: Foul Ball, location: 23FF
1-2: Ball
2-2: Strikes out swinging
Top of the 6th over - 0 runs, 0 hits, 0 errors, 0 left on base; Michigan 2 - Wisconsin 6
BOTTOM OF THE 6TH
Wisconsin Lumberjacks batting - Pitching for Michigan Militia : LHP Clarence Agnew
Batting: LHB Kent Long 0-0: Ball
1-0: Ball
2-0: Called Strike
2-1: Foul Ball, location: 2F
2-2: Foul Ball, location: 2F
2-2: Strikes out swinging
Batting: SHB Joey Reeves 0-0: Called Strike
0-1: Foul Ball, location: 2LF
0-2: Foul Ball, location: 23F
0-2: Ball
1-2: Strikes out swinging
Batting: RHB Jeremy Martin 0-0: Ground out 6-3 (Groundball, 6S, EV 86.9 MPH)
Bottom of the 6th over - 0 runs, 0 hits, 0 errors, 0 left on base; Michigan 2 - Wisconsin 6
TOP OF THE 7TH
Michigan Militia batting - Pitching for Wisconsin Lumberjacks : RHP Jeremy Martin
Batting: RHB Rafael Jurasín 0-0: Ball
1-0: Called Strike
1-1: Swinging Strike
1-2: Strikes out looking
Batting: RHB Alan Holland 0-0: Ball
1-0: Foul Ball, location: 2F
1-1: Called Strike
1-2: Ball
2-2: Ball
3-2: Ground out 6-3 (Groundball, 6, EV 90.0 MPH)
Pinch Hitting: LHB Scott Alexander 0-0: Swinging Strike
0-1: Foul Ball, location: 9LSFF
0-2: Strikes out looking
Top of the 7th over - 0 runs, 0 hits, 0 errors, 0 left on base; Michigan 2 - Wisconsin 6
BOTTOM OF THE 7TH
Wisconsin Lumberjacks batting - Pitching for Michigan Militia : LHP Clarence Agnew
Pitching: RHP Bob Williams
Batting: SHB Tony Roberts 0-0: Swinging Strike
0-1: Ball
1-1: Ball
2-1: Ball
3-1: Called Strike
3-2: Fly out, F8 (Flyball, 89M, EV 86.9 MPH)
Batting: RHB Raúl Cardona 0-0: Ball
1-0: Called Strike
1-1: Ground out 5-3 (Groundball, 56S, EV 76.3 MPH)
Batting: RHB Bráulio Ozores 0-0: Ball
1-0: Called Strike
1-1: Called Strike
1-2: Foul Ball, location: 3FF
1-2: Fly out, F8 (Line Drive, 89M, EV 92.5 MPH)
Bottom of the 7th over - 0 runs, 0 hits, 0 errors, 0 left on base; Michigan 2 - Wisconsin 6
TOP OF THE 8TH
Michigan Militia batting - Pitching for Wisconsin Lumberjacks : RHP Jeremy Martin
Batting: RHB José Ruíz 0-0: Ball
1-0: Ball
2-0: Called Strike
2-1: SINGLE (Line Drive, 4MD, EV 104.4 MPH)
Batting: LHB Vicente Gómez 0-0: Ball
1-0: Foul Ball, location: 9LSF
1-1: Foul Ball, location: 2F
1-2: Ball
2-2: Grounds into double play, 4-6-3 (Groundball, 4, EV 103.1 MPH)
Batting: RHB Jesús Gamboa 0-0: Foul Ball, location: 2F
0-1: Ball
1-1: Swinging Strike
1-2: Foul Ball, location: 9LDF
1-2: Foul Ball, location: 9LSF
1-2: Strikes out swinging
Top of the 8th over - 0 runs, 1 hit, 0 errors, 0 left on base; Michigan 2 - Wisconsin 6
BOTTOM OF THE 8TH
Wisconsin Lumberjacks batting - Pitching for Michigan Militia : RHP Bob Williams
Batting: LHB George Flores 0-0: Swinging Strike
0-1: Ground out 6-3 (Groundball, 6, EV 78.1 MPH)
Batting: RHB Rory Spencer 0-0: Ball
1-0: Foul Ball, location: 2F
1-1: Foul Ball, location: 2RF
1-2: Strikes out swinging
Batting: LHB Aaron Meléndez Jr. 0-0: Ball
1-0: Ball
2-0: Ball
3-0: Called Strike
3-1: Ground out 1-3 (Groundball, 15S, EV 67.5 MPH)
Bottom of the 8th over - 0 runs, 0 hits, 0 errors, 0 left on base; Michigan 2 - Wisconsin 6
TOP OF THE 9TH
Michigan Militia batting - Pitching for Wisconsin Lumberjacks : RHP Jeremy Martin
Pitching: RHP Mike Petterson
Batting: RHB Jeffery Jennings 0-0: Ball
1-0: Ground out 6-3 (Groundball, 6, EV 91.3 MPH)
Batting: LHB Juan Chávez 0-0: Ball
1-0: Ball
2-0: Called Strike
2-1: Called Strike
2-2: Strikes out swinging
Batting: RHB Jeremy Pollock 0-0: Ball
1-0: Ball
2-0: Called Strike
2-1: Swinging Strike
2-2: Ball
3-2: Foul Ball, location: 9LDF
3-2: Base on Balls
Batting: RHB Rafael Jurasín 0-0: Ball
1-0: Fly out, F4 (Line Drive, 4, EV 66.9 MPH)
Top of the 9th over - 0 runs, 0 hits, 0 errors, 1 left on base; Michigan 2 - Wisconsin 6
Wednesday, May 15th , 2024 - OOTP Baseball 24.6 Build 69